 Dungeon Crawl Stone Soup version 0.27-a0-1071-ga85bd9520d (webtiles) character file.

Game seed: 5570384861459514514

189763 spiderkeys the Scorcher (level 17, -7/140 (156) HPs)
             Began as a Pale Draconian Fire Elementalist on Apr 24, 2021.
             Was a High Priest of Vehumet.
             Blown up by an orb spider (21 damage)
             ... with a wavering orb of destruction
             ... on level 1 of the Spider Nest.
             The game lasted 02:25:13 (48095 turns).

spiderkeys the Scorcher (DrFE)                     Turns: 48095, Time: 02:25:13

HP:   -7/140 (156)  AC: 17    Str: 12      XL:     17   Next: 52%
MP:   39/42         EV: 19    Int: 13 (21) God:    Vehumet [*****.]
Gold: 1516          SH:  7    Dex:  7 (12) Spells: 3/41 levels left

rFire    + . .     SeeInvis .   A - staff of poison {!a}
rCold    x . .     Faith    .   y - +3 warlock's mirror {reflect}
rNeg     . . .     Spirit   .   (armour unavailable)
rPois    +         Reflect  +   (helmet restricted)
rElec    .         Harm     .   T - +1 cloak of Starlight {*Dazzle EV+4 Stlth--}
rCorr    .         Rampage  +   q - +2 pair of gloves
Will     .....                  t - +2 pair of boots {rampage}
Stlth    ..........             r - amulet of magic regeneration
HPRegen  0.33/turn              F - ring of fire
MPRegen  0.53/turn              W - ring of magical power

@: weak-willed, very slightly contaminated, slowed, heavily drained, invisible,
very slow
A: breathe steam, AC +9, unfitting armour, cold-blooded, steam resistance
}: 1/15 runes: gossamer
a: Breathe Steam, Renounce Religion


You were on level 1 of the Spider Nest.
You worshipped Vehumet.
Vehumet was extremely pleased with you.
You visited 7 branches of the dungeon, and saw 31 of its levels.

You collected 3290 gold pieces.
You spent 1774 gold pieces at shops.


Innate Abilities, Weirdness & Mutations

You can breathe blasts of scalding, opaque steam.
Your pale cyan-grey scales are hard. (AC +9)
You cannot fit into any form of body armour.
You are cold-blooded and may be slowed by cold attacks.
You are immune to the effects of steam.


   Skills:
 + Level 15.4 Fighting
 - Level 13.3 Dodging
 - Level 1.7 Stealth
 - Level 4.0 Shields
 + Level 12.8 Spellcasting
 + Level 10.4 Conjurations
 + Level 15.7 Fire Magic
 + Level 9.3 Poison Magic
 + Level 5.9 Evocations


You had 3 spell levels left.
You knew the following spells:

 Your Spells              Type           Power      Damage    Failure   Level
b - Fireball              Conj/Fire      29%        3d13      1%          5
c - Conjure Flame         Conj/Fire      59%        6-21      1%          3
d - Mephitic Cloud        Conj/Pois/Air  38%        N/A       1%          3
f - Foxfire               Conj/Fire      100%       2x1d9     1%          1
m - Magic Dart            Conj           100%       1d8       1%          1
n - Ignition              Fire           32%        3d10      21%         8
o - Olgreb's Toxic Radia  Pois           48%        N/A       1%          4
p - Poisonous Vapours     Pois/Air       60%        N/A       1%          2
r - Inner Flame           Hex/Fire       43%        N/A       1%          3
t - Bolt of Magma         Conj/Fire/Erth 23%        4d11      1%          5
x - Ignite Poison         Fire/Tmut/Pois 61%        N/A       1%          3

Your spell library contained the following spells:

 Spells                   Type           Power      Damage    Failure   Level
 Conjure Ball Lightning   Conj/Air       11%        3x3d6     36%         6
 Sting                    Tmut/Pois      100%       1d8       1%          1
 Stone Arrow              Conj/Erth      44%        3d9       1%          3
 Animate Skeleton         Necr           16%        N/A       9%          1
 Pain                     Necr           32%        1d5       9%          1
 Corpse Rot               Necr/Air       N/A        N/A       13%         2
 Vampiric Draining        Necr           4%         2d6       26%         3
 Sticky Flame             Conj/Fire      59%        2d7       1%          4
 Iskenderun's Battlesphe  Conj           35%        2d9       1%          5
 Starburst                Conj/Fire      29%        8x6d9     1%          6
 Orb of Destruction       Conj           17%        9d8       24%         7
 Iron Shot                Conj/Erth      11%        9d3       36%         6
 Eringya's Noxious Bog    Tmut/Pois      15%        N/A       41%         6
 Animate Dead             Necr           4%         N/A       63%         4
 Spellforged Servitor     Conj/Summ      11%        N/A       87%         7
 Agony                    Necr           8%         N/A       93%         5
 Borgnjor's Vile Clutch   Necr/Erth      4%         N/A       93%         5
 Hydra Form               Tmut           4%         N/A       93%         5
 Summon Forest            Summ/Tloc      4%         N/A       93%         5
 Death Channel            Necr           4%         N/A       100%        6
 Simulacrum               Ice/Necr       4%         N/A       100%        6
 Summon Hydra             Summ           4%         N/A       100%        7

Inventory:

Hand Weapons
 j - a +2 whip of electrocution
   (You took it off a kobold on level 6 of the Dungeon)
Missiles
 g - 2 throwing nets {=f!f}
Armour
 q - a +2 pair of gloves (worn)
   (You bought it in a shop on level 4 of the Dungeon)
 t - a +2 pair of boots of rampaging (worn)
   (You bought it in a shop on level 2 of the Orcish Mines)
 y - the +3 warlock's mirror (worn) {reflect}
   (You acquired it on level 11 of the Dungeon)
 G - the +4 pair of boots of Lucidity {Str+6}
   (You found it on level 1 of the Spider Nest)

   It affects your strength (+6).
 T - the +1 cloak of Starlight (worn) {*Dazzle EV+4 Stlth--}
   (You bought it in a shop on level 9 of the Dungeon)

   It affects your evasion (+4).
   It makes you much less stealthy.
Magical Staves
 A - a staff of poison (weapon) {!a}
   (You took it off Arachne on level 2 of the Spider Nest)
Jewellery
 r - an amulet of magic regeneration (around neck)
   (You bought it in a shop on level 2 of the Orcish Mines)
 v - a ring of see invisible
   (You bought it in a shop on level 2 of the Orcish Mines)
 C - an amulet of reflection
   (You found it on level 4 of the Spider Nest)
 F - a ring of fire (left hand)
   (You found it on level 1 of the Dungeon)
 I - a +6 ring of intelligence
   (You found it on level 13 of the Dungeon)
 R - a ring of resist corrosion
   (You found it on level 2 of the Swamp)
 V - the ring of Fitom {rC+ EV+4 Str+4}
   (You found it on level 1 of the Spider Nest)

   [ring of evasion]

   It affects your evasion (+4).
   It affects your strength (+4).
   It protects you from cold.
 W - a ring of magical power (right hand)
   (You found it on level 4 of the Dungeon)
Wands
 c - a wand of mindburst (23)
   (You found it on level 6 of the Dungeon)
 e - a wand of digging (8)
   (You found it on level 5 of the Lair of Beasts)
 l - a wand of paralysis (58)
   (You found it on level 3 of the Dungeon)
 w - a wand of charming (9)
   (You found it on level 12 of the Dungeon)
 z - a wand of flame (46)
   (You found it on level 8 of the Dungeon)
 M - a wand of iceblast (32)
   (You found it on level 10 of the Dungeon)
 U - a wand of polymorph (37)
   (You found it on level 4 of the Lair of Beasts)
 Y - a wand of acid (18)
   (You found it on level 4 of the Lair of Beasts)
Scrolls
 b - 4 scrolls of immolation {!r!r}
 d - a scroll of blinking {!r}
 h - 2 scrolls of vulnerability {!r!r}
 i - 5 scrolls of enchant weapon
 m - 4 scrolls of fear
 o - 10 scrolls of teleportation {@r4}
 s - 4 scrolls of identify {@r1}
 u - 4 scrolls of silence {!r}
 x - 2 scrolls of holy word
 K - 3 scrolls of fog
 S - 3 scrolls of enchant armour
 Z - a scroll of summoning
Potions
 a - a potion of haste {@q3}
 k - 4 potions of curing {@q1}
 n - 5 potions of brilliance
 p - 2 potions of invisibility
 B - 3 potions of heal wounds {@q2}
 D - a potion of cancellation
 E - 2 potions of ambrosia
 H - 3 potions of might
 J - 5 potions of lignification {!q}
 L - 2 potions of flight
 N - a potion of resistance
 O - 5 potions of attraction {!q}
 P - 3 potions of berserk rage {!q}
 X - 3 potions of mutation {!q}
Miscellaneous
 f - a box of beasts
   (You found it on level 15 of the Dungeon)
 Q - a lightning rod (4/4)
   (You found it on level 14 of the Dungeon)

Dungeon Overview and Level Annotations

Branches:
Dungeon (15/15)            Temple (1/1) D:4            Lair (6/6) D:11
  Swamp (2/4) Lair:2       Spider (4/4) Lair:4        Slime (0/5) Lair:6
    Orc (2/2) D:11            Elf (0/3) Orc:2        Vaults (1/5) D:14
 Depths (0/5) D:15

Altars:
Ashenzari
Cheibriados
Dithmenos
Elyvilon
Fedhas
Gozag
Hepliaklqana
Kikubaaqudgha
Makhleb
Nemelex Xobeh
Okawaru
Qazlal
Ru
Sif Muna
Trog
Uskayaw
Vehumet
Wu Jian
Xom
Yredelemnul
Zin
The Shining One
Beogh
Jiyva

Shops:
D:4 [   D:7 *   D:9 [   D:14 =   Orc:2 ([[*=

Annotations:
Swamp:2 3 runed translucent doors, Piask's ghost, adept FoAK
Spider:1 1 transporter

^s#s1.....#.^# #......#
#.#.s..*..#.# #^......
##.^w^.^.^w# #.......
#.^^^.│.^.# ##...#...
#..^^w..# ##..#..^..
###+#'### #....^..#.
#s^sw"^}# ##.......#.
#^!ss^!^# #......#...
#?^1@!^=# #..........
######### #..........
####### #..........
#############........#.
##.....©.#...........#..
#........#....#.........
#..........>..#....#....
#................^......
##.#...#...#....^#.....#


You could see an eldritch tentacle, a Tzitzimitl, a torpor snail, a demonic
crawler (blind), an orb spider and 2 jumping spiders.


Message History

The demonic crawler completely misses you.
You see here a potion of invisibility. 😕 HP[-7]
You take 7 damage, and now have 126/156 hp.
The jumping spider hisses angrily.
The Tzitzimitl gestures at you. The bolt of negative energy hits you!!!
You feel drained.
You hear a loud "Zot"!
Being near the torpor snail leaves you feeling lethargic.
You hear a loud "Zot"!
You see here the ring of Fitom {rC+ EV+4 Str+4}. 😮 HP[-51] MP[+1]
You now have 144 max hp (-12).
You take 51 damage, and now have 75/144 hp.
MASSIVE DAMAGE!! (PAUSE)
You can't carry that many items.
Drop what? 52/52 slots (_ for help) (? for menu, Esc to quit)
You drop a ring of willpower.
The jumping spider hisses angrily.
The demonic crawler misses you. The demonic crawler barely misses you.
The demonic crawler misses you.
The Tzitzimitl calls on the powers of darkness!
Your body is wracked with pain!
* * * LOW HITPOINT WARNING * * *
The jumping spider convulses! x2; The torpor snail convulses!
You hear a loud "Zot"!
The demonic crawler hits you but does no damage.
You block the demonic crawler's attack. The demonic crawler barely misses you.
You hear a loud "Zot"! 😨 HP[-36] MP[+1]
You take 36 damage, and now have 39/144 hp.
MASSIVE DAMAGE!! (PAUSE)
V - the ring of Fitom {rC+ EV+4 Str+4} The torpor snail looks more healthy.
The jumping spider misses you. x2
You block the demonic crawler's attack. x3; The Tzitzimitl engulfs you!
* * * LOW HITPOINT WARNING * * *
The Tzitzimitl completely misses you. The jumping spider closely misses you.
The jumping spider's sight is seared by the starlight!
The jumping spider barely misses you. The demonic crawler misses you.
The demonic crawler hits you.
* * * LOW HITPOINT WARNING * * *
The demonic crawler barely misses you.
You hear a loud "Zot"! 😱 HP[-9] MP[+1]
You take 9 damage, and now have 30/144 hp.
You feel much better. The jumping spider barely misses you.
The jumping spider misses you. The demonic crawler barely misses you.
The demonic crawler's vision is obscured by starry radiance!
The demonic crawler barely misses you. The demonic crawler misses you.
The Tzitzimitl calls on the powers of darkness!
The torpor snail convulses!
The jumping spider convulses! x2
Your body is wracked with pain!
* * * LOW HITPOINT WARNING * * *
The orb spider convulses!
You block the jumping spider's attack. x2
You hear a loud "Zot"!
The power of Zot is invoked against you!
Your willpower is stripped away!
The demonic crawler misses you.
The demonic crawler's vision is obscured by starry radiance!
The demonic crawler completely misses you.
The demonic crawler barely misses you. You block the Tzitzimitl's attack.
The Tzitzimitl bites you!
* * * LOW HITPOINT WARNING * * *
You feel drained.
* * * LOW HITPOINT WARNING * * *
😱 HP[-19]
You now have 140 max hp (-4).
You take 19 damage, and now have 11/140 hp.
You feel much better.
The orb spider hisses angrily.
The jumping spider misses you.
The jumping spider's vision is obscured by starry radiance!
The jumping spider misses you.
The demonic crawler completely misses you.
You block the demonic crawler's attack. x2; The jumping spider pounces on you!
* * * LOW HITPOINT WARNING * * *
You are caught in a web!
The jumping spider barely misses you.
The Tzitzimitl engulfs you but does no damage.
The Tzitzimitl closely misses you.
You hear a loud "Zot"!
The power of Zot is invoked against you!
You feel dopey.
The demonic crawler hits you but does no damage.
The demonic crawler hits you.
* * * LOW HITPOINT WARNING * * *
The demonic crawler misses you. The jumping spider barely misses you.
The jumping spider bites you but does no damage.
The orb spider hisses angrily. 😱 HP[+3] MP[+1]
You regained 3 hp, and now have 14/140 hp.
Really read
d - 2 scrolls of blinking {!r}?
Blink to where?
Press: ? - help, Dir - move target
As you read the scroll of blinking {!r}, it crumbles to dust.
The orb spider hisses angrily.
You hear a loud "Zot"!
The power of Zot is invoked against you!
Your willpower is stripped away!
The orb spider weaves a glowing orb of energy.
The wavering orb of destruction weakly hits you!!
You die...

Skill      XL: |  1  2  3  4  5  6  7  8  9 10 11 12 13 14 15 16 17 |
---------------+----------------------------------------------------+-----
Dodging        | 2 3 4 5 6 7 8 9 10 11 12 13 | 13.3
Fighting       | 1 2 3 4 6 7 8 10 11 12 13 14 15 | 15.4
Conjurations   | 2 3 4 5 6 8 9 10 | 10.4
Spellcasting   | 3 4 6 7 8 9 10 11 12 | 12.8
Fire Magic     | 5 7 8 9 10 11 12 13 14 15 | 15.7
Poison Magic   | 3 5 6 7 8 9 |  9.3
Shields        | 1 4 |  4.0
Evocations     | 5 |  5.9
Stealth        | |  1.7

Action                   |  1- 3 |  4- 6 |  7- 9 | 10-12 | 13-15 | 16-18 || total
-------------------------+-------+-------+-------+-------+-------+-------++-------
Melee: Unarmed           |     3 |       |       |       |       |       ||     3
       Tailslap          |     3 |     9 |    14 |    18 |    14 |     6 ||    64
       Dagger            |    24 |     3 |       |       |       |       ||    27
       Trident           |       |    45 |    56 |       |       |       ||   101
       Whip              |       |       |   131 |   119 |   122 |       ||   372
       Staff             |       |       |       |       |       |    78 ||    78
 Cast: Foxfire           |    49 |    98 |   187 |    91 |    25 |     3 ||   453
       Conjure Flame     |       |       |    22 |     5 |       |     1 ||    28
       Magic Dart        |       |       |    65 |       |       |       ||    65
       Poisonous Vapours |       |       |       |   167 |   384 |   137 ||   688
       Fireball          |       |       |       |    85 |    82 |    43 ||   210
       Ignite Poison     |       |       |       |    48 |   162 |    83 ||   293
       Bolt of Magma     |       |       |       |       |   162 |   122 ||   284
       Olgreb's Toxic Ra |       |       |       |       |    41 |    28 ||    69
       Ignition          |       |       |       |       |       |    33 ||    33
 Abil: Breathe Steam     |       |       |       |     2 |     2 |     2 ||     6
Evoke: Wand              |       |       |       |    12 |    30 |    14 ||    56
       Lightning rod     |       |       |       |       |     3 |     3 ||     6
       Box of beasts     |       |       |       |       |       |     1 ||     1
  Use: Scroll            |     4 |       |     7 |     7 |     5 |     4 ||    27
       Potion            |       |       |     9 |     2 |     4 |     6 ||    21
 Stab: Sleeping          |       |     3 |     1 |       |       |       ||     4
       Invisible         |       |       |       |       |     5 |     2 ||     7
Armor: Skin              |    10 |    20 |   126 |   107 |    86 |    87 ||   436
Dodge: Dodged            |    19 |    45 |   147 |   234 |   346 |   279 ||  1070
Block: Buckler           |       |       |       |    23 |   158 |   127 ||   308
       Reflection        |       |       |       |     3 |    14 |     2 ||    19

Levels and vault maps discovered:
D:1:      evilmike_arrival_crescent, layout_rooms,
          hellmonk_ecumenical_altar_blasted, minmay_pentomino_v2
D:2:      layout_basic, uniq_terence, uniq_jessica, uniq_crazy_yiuf_cottage
D:3:      layout_loops_ring, hangedman_abyss_or_decor_stabs
D:4:      layout_basic, minmay_temple_entry_glass, serial_shops,
          kennysheep_mini, gammafunk_ghost_nasty_kobolds, grunt_decor_arrowhead
D:5:      layout_basic, hangedman_decor_clover_reticule
D:6:      layout_basic
D:7:      layout_basic, nicolae_ru_path_of_blood, nicolae_good_shop
D:8:      layout_loops_ring, lemuel_coloured_pillars_altar,
          nicolae_overflow_crystal_walls, cheibrodos_ashenzari_chains,
          gammafunk_ghost_spectres, minivault_19
D:9:      layout_basic, nicolae_tso_swordbearing_angel, serial_shops,
          kennysheep_little_box, dk_noncrumbling_3
D:10:     layout_rooms, lemuel_tele_altar
D:11:     layout_cave_pools, erik_lair_island, david_orc_4,
          kennysheep_orc_sif_temple, uniq_fannar
D:12:     layout_loops_cross, mrwooster_statue_mirror, uniq_azrael, uniq_sonja
D:13:     layout_long_grid, minmay_misc_feat_secret_circle
D:14:     layout_loops_cross, david_vaults_4, serial_shops, shop,
          roderic_roman_lattice
D:15:     grunt_enter_depths_magical_seal, layout_gridville,
          amcnicky_mini_rare_corridor_liquid, hangedman_abyss_or_decor_clamps
Temple:   lightli_temple_of_artemis
Lair:1:   layout_regular_city, gammafunk_ghost_wrathful_warriors,
          serial_bayou_shore_b, lemuel_fruit_tree, grunt_megastairs_1
Lair:2:   layout_chaotic_city, palyth_hydra_swamp_entry,
          grunt_forest_stairs_clearing, lemuel_fruit_fields
Lair:3:   layout_gridlike, st_stairs_5, uniq_urug
Lair:4:   layout_cave_pods, spider_nest_entry_funnel_web
Lair:5:   layout_gridlike, serial_bayou_pond_b, lookout_lair_type
Lair:6:   minmay_lair_end_frog_pond, layout_loops_ring,
          dpeg_slime_entry_enclosed_altar, serial_bayou_pond_c, minivault_24
Swamp:1:  layout_basic_swamp, basic_altar
Swamp:2:  layout_basic_swamp, gammafunk_ghost_split,
          evilmike_swamp_ruin_house_4, swamp_pool3
Spider:1: gammafunk_its_a_trap, drop_trap, nicolae_spider_baby_got_redback
Spider:2: layout_spider_delve, uniq_arachne
Spider:3: layout_chambers
Spider:4: grunt_spider_rune_circles, nicolae_spider_undead_wolf_pack
Orc:1:    cheibrodos_orc_bank, layout_diamond_mine, basic_altar
Orc:2:    grunt_orc_gardens, layout_caves, grunt_orc_garden, grunt_orc_garden,
          grunt_orc_garden, grunt_orc_garden, ebering_ghost_gozag, serial_shops,
          nicolae_shop_trees, minmay_orc_temple_a, uniq_donald, uniq_snorg,
          uniq_josephine
Vaults:1: vaults_dpeg_cross, nicolae_vaults_little_squares_1,
          nicolae_vaults_little_squares_1, ontoclasm_vaults_eye,
          hangedman_vaults_trim, v_pattern_1, v_misc_3,
          nicolae_vaults_mini_display_case, v_misc_3, ontoclasm_vaults_pinch,
          nicolae_vaults_ring_of_whatevers, v_misc_17, vaults_dpeg_hooks,
          layout_vaults_maze_snakey

Notes
Turn   | Place    | Note
-------+----------+-------------------------------------------
     0 | D:1      | spiderkeys the Draconian Fire Elementalist began the quest
                  | for the Orb.
     0 | D:1      | Reached XP level 1. HP: 14/14 MP: 3/3
     0 | D:1      | magus.rc [v1.9.10]
    60 | D:1      | Found a faded altar of an unknown god.
   242 | D:1      | Reached XP level 2. HP: 22/22 MP: 3/5
   266 | D:1      | Reached skill level 2 in Dodging
   588 | D:1      | Reached skill level 1 in Fighting
   775 | D:1      | Reached XP level 3. HP: 28/28 MP: 4/6
  1030 | D:2      | Noticed Terence
  1037 | D:2      | Killed Terence
  1342 | D:2      | Reached XP level 4. HP: 35/35 MP: 5/7
  1710 | D:2      | Noticed Jessica
  1718 | D:2      | Killed Jessica
  1719 | D:2      | Reached skill level 2 in Conjurations
  1998 | D:2      | Found a runed translucent door.
  1999 | D:2      | Noticed Crazy Yiuf
  2267 | D:3      | Reached skill level 2 in Fighting
  2436 | D:3      | Reached XP level 5. HP: 41/41 MP: 3/9
  2869 | D:3      | Reached skill level 3 in Spellcasting
  3668 | D:4      | Reached skill level 3 in Dodging
  3668 | D:4      | Reached XP level 6. HP: 50/50 MP: 6/10
  3764 | D:4      | Reached skill level 4 in Fire Magic
  4087 | D:4      | Found a runed translucent gate.
  4088 | D:4      | Noticed flotson's ghost (weakling GnDe)
  4090 | D:4      | Found a runed translucent gate.
  4090 | D:4      | Found a runed translucent gate.
  4141 | D:4      | Found a staircase to the Ecumenical Temple.
  4142 | D:4      | Reached skill level 3 in Conjurations
  4159 | Temple   | Entered the Ecumenical Temple
  4186 | Temple   | Became a worshipper of Vehumet
  4346 | D:4      | Reached skill level 3 in Fighting
  4481 | D:4      | Found Ifruig's Armour Shoppe.
  4715 | D:4      | Bought a +2 pair of gloves for 198 gold pieces
  4820 | D:5      | Entered Level 5 of the Dungeon
  5097 | D:5      | Your scales start taking on a pale cyan-grey colour.
  5097 | D:5      | Reached skill level 5 in Fire Magic
  5097 | D:5      | Reached XP level 7. HP: 32/57 MP: 11/11
  5097 | D:5      | Gained mutation: You are immune to the effects of steam.
                  | [Pale Draconian growth]
  5376 | D:5      | Reached skill level 4 in Fighting
  5586 | D:5      | Reached skill level 4 in Dodging
  5586 | D:5      | Reached skill level 4 in Conjurations
  5664 | D:5      | Learned a level 3 spell: Conjure Flame
  6336 | D:5      | Reached XP level 8. HP: 67/67 MP: 12/12
  6757 | D:6      | Reached skill level 6 in Fire Magic
  7072 | D:6      | Reached * piety under Vehumet
  7072 | D:6      | Offered knowledge of Magic Dart by Vehumet.
  7073 | D:6      | Reached skill level 5 in Fighting
  7076 | D:6      | Learned a level 1 spell: Magic Dart
  7205 | D:6      | Learned a level 3 spell: Inner Flame
  7300 | D:6      | Reached skill level 5 in Conjurations
  7736 | D:7      | Reached skill level 5 in Dodging
  7801 | D:7      | You pick up a book of Necromancy and begin reading...
  7801 | D:7      | You add the spells Pain, Animate Skeleton, Vampiric
                  | Draining, Animate Dead and Agony to your library.
  7806 | D:7      | Noticed an angel
  7811 | D:7      | Found Qulisu's Hallowed Reliquary.
  7827 | D:7      | Bought a potion of heal wounds for 50 gold pieces
  7861 | D:7      | Found a sacrificial altar of Ru.
  8224 | D:8      | Found a sparkling altar of Nemelex Xobeh.
  8579 | D:8      | Reached skill level 6 in Fighting
  8579 | D:8      | Reached skill level 7 in Fire Magic
  8717 | D:8      | Reached XP level 9. HP: 66/68 MP: 13/13
  8794 | D:8      | Found a broken altar of Ashenzari.
  9027 | D:8      | Reached skill level 6 in Conjurations
  9083 | D:8      | Reached skill level 6 in Dodging
  9498 | D:8      | Reached skill level 4 in Spellcasting
  9571 | D:8      | Reached ** piety under Vehumet
  9571 | D:8      | Offered knowledge of Poisonous Vapours by Vehumet.
  9701 | D:8      | Paralysed by a wight for 3 turns
  9740 | D:8      | Reached skill level 7 in Fighting
  9863 | D:8      | Found a shimmering altar of Xom.
  9886 | D:8      | Found a runed translucent gate.
  9886 | D:8      | Found a runed translucent gate.
  9886 | D:8      | Found a runed translucent gate.
  9888 | D:8      | Noticed Sobieck's ghost (novice TeAE)
  9965 | D:9      | Reached skill level 8 in Fire Magic
 10016 | D:9      | Learned a level 5 spell: Fireball
 10370 | D:9      | You add the spells Sting, Poisonous Vapours, Mephitic
                  | Cloud, Ignite Poison and Olgreb's Toxic Radiance to your
                  | library.
 10984 | D:8      | Reached XP level 10. HP: 71/86 MP: 17/17
 10987 | D:8      | Learned a level 2 spell: Poisonous Vapours
 10991 | D:8      | Learned a level 3 spell: Ignite Poison
 11392 | D:9      | Reached skill level 1 in Poison Magic
 11525 | D:9      | Found Nupoboly's Antique Armour Emporium.
 11562 | D:9      | Reached skill level 5 in Spellcasting
 11754 | D:9      | Found a glowing golden altar of the Shining One.
 11784 | D:10     | Entered Level 10 of the Dungeon
 11805 | D:10     | Reached skill level 7 in Dodging
 12231 | D:10     | Reached skill level 8 in Fighting
 12231 | D:10     | Reached skill level 2 in Poison Magic
 12505 | D:9      | Reached skill level 9 in Fire Magic
 12884 | D:10     | Found a blossoming altar of Fedhas.
 13243 | D:10     | Noticed a two-headed ogre
 13255 | D:10     | Killed a two-headed ogre
 13256 | D:10     | Reached skill level 3 in Poison Magic
 13332 | D:11     | Noticed an eight-headed hydra
 13332 | D:11     | Noticed a boulder beetle
 13338 | D:11     | Killed a boulder beetle
 13339 | D:11     | Reached skill level 6 in Spellcasting
 13367 | D:11     | Killed an eight-headed hydra
 13367 | D:11     | Offered knowledge of Dazzling Flash by Vehumet.
 13368 | D:11     | Reached XP level 11. HP: 95/95 MP: 8/20
 13796 | D:10     | Reached skill level 4 in Poison Magic
 13809 | D:10     | Reached skill level 9 in Fighting
 14049 | D:11     | Noticed Fannar
 14266 | D:11     | Noticed a two-headed ogre
 14273 | D:10     | Killed a two-headed ogre
 14715 | D:10     | Reached skill level 8 in Dodging
 14760 | D:11     | Killed Fannar
 14760 | D:11     | Reached *** piety under Vehumet
 14927 | D:11     | Reached skill level 10 in Fire Magic
 15138 | D:11     | You pick up a book of Fire and begin reading...
 15138 | D:11     | You add the spells Starburst and Ignition to your library.
 15324 | D:11     | Noticed a four-headed hydra
 15333 | D:11     | Killed a four-headed hydra
 15334 | D:11     | Reached skill level 7 in Spellcasting
 15334 | D:11     | Reached skill level 5 in Poison Magic
 15581 | D:11     | Identified the +0 robe of Qoddyokad {-Cast Rampage rElec
                  | Dex+5}
 15616 | D:11     | Noticed a two-headed ogre
 15623 | D:11     | Killed a two-headed ogre
 16001 | D:11     | Found a shimmering blue altar of Sif Muna.
 16122 | D:11     | Noticed a seven-headed hydra
 16126 | D:11     | Killed a seven-headed hydra
 16126 | D:11     | Offered knowledge of Fulminant Prism by Vehumet.
 16127 | D:11     | Reached skill level 10 in Fighting
 16209 | D:11     | You pick up a book of Unlife and begin reading...
 16209 | D:11     | You add the spells Borgnjor's Vile Clutch, Death Channel
                  | and Simulacrum to your library.
 16250 | D:11     | Identified a scroll of acquirement
 16251 | D:11     | Acquired the +3 warlock's mirror {reflect}
 16252 | D:11     | Found the +3 warlock's mirror {reflect}
 16317 | D:11     | Found a staircase to the Lair.
 16604 | D:11     | Found a staircase to the Orcish Mines.
 16613 | D:11     | Learned a level 4 spell: Olgreb's Toxic Radiance
 16617 | D:11     | Learned a level 3 spell: Mephitic Cloud
 16665 | Lair:1   | Entered Level 1 of the Lair of Beasts
 16889 | Lair:1   | Found a transporter.
 16895 | Lair:1   | Noticed a spriggan rider
 16898 | Lair:1   | Noticed a six-headed hydra
 16901 | Lair:1   | Killed a six-headed hydra
 16902 | Lair:1   | Reached skill level 1 in Shields
 16902 | Lair:1   | Reached XP level 12. HP: 106/106 MP: 21/23
 17121 | Lair:1   | Found a transporter.
 17174 | Lair:1   | Reached skill level 2 in Shields
 17352 | Lair:1   | Reached skill level 9 in Dodging
 18364 | Lair:2   | Reached skill level 3 in Shields
 18392 | Lair:2   | Reached skill level 11 in Fire Magic
 18576 | Lair:2   | Reached **** piety under Vehumet
 18934 | Lair:2   | Reached skill level 8 in Spellcasting
 19120 | Lair:2   | You pick up a book of Power and begin reading...
 19120 | Lair:2   | You add the spells Iskenderun's Battlesphere, Bolt of
                  | Magma, Iron Shot, Orb of Destruction and Spellforged
                  | Servitor to your library.
 19201 | Lair:2   | Noticed an eight-headed hydra
 19205 | Lair:2   | Killed an eight-headed hydra
 19206 | Lair:2   | Reached skill level 4 in Shields
 19206 | Lair:2   | Reached skill level 6 in Poison Magic
 19336 | Lair:2   | Noticed a five-headed hydra
 19340 | Lair:2   | Killed a five-headed hydra
 19340 | Lair:2   | Offered knowledge of Frozen Ramparts by Vehumet.
 19531 | Lair:2   | Found a staircase to the Swamp.
 19727 | Lair:3   | Noticed a six-headed hydra
 19734 | Lair:3   | Killed a six-headed hydra
 19739 | Lair:2   | HP: 26/108 [cane toad (14)]
 20322 | Lair:3   | Identified the +7 dagger of a treasure trove {chaos, *Noise
                  | Str+6}
 20341 | Lair:3   | Noticed Urug
 20346 | Lair:3   | Killed Urug
 20508 | Lair:3   | Reached skill level 11 in Fighting
 21758 | D:9      | Bought the +1 cloak of Starlight {*Dazzle EV+4 Stlth--} for
                  | 671 gold pieces
 21758 | D:9      | Found the +1 cloak of Starlight {*Dazzle EV+4 Stlth--}
 22017 | Lair:4   | Reached XP level 13. HP: 116/116 MP: 21/25
 22069 | Lair:4   | Found a hole to the Spider Nest.
 22195 | Lair:4   | You pick up a book of Unlife and begin reading...
 22340 | Lair:4   | Reached skill level 1 in Evocations
 23098 | Lair:5   | Reached skill level 7 in Poison Magic
 23348 | Lair:5   | Reached skill level 2 in Evocations
 23468 | Lair:5   | Reached ***** piety under Vehumet
 23475 | Lair:5   | Offered knowledge of Yara's Violent Unravelling by Vehumet.
 23804 | Lair:5   | Reached skill level 10 in Dodging
 23911 | Lair:5   | Reached skill level 9 in Spellcasting
 24318 | Lair:6   | Entered Level 6 of the Lair of Beasts
 24394 | Lair:6   | You pick up a book of Power and begin reading...
 24401 | Lair:6   | Learned a level 5 spell: Bolt of Magma
 24407 | Lair:6   | Reached skill level 3 in Evocations
 24511 | Lair:6   | Reached skill level 12 in Fire Magic
 25049 | Lair:6   | Reached skill level 4 in Evocations
 25816 | Lair:6   | Reached skill level 12 in Fighting
 26057 | Lair:6   | Reached skill level 5 in Evocations
 26275 | Lair:6   | Found a viscous altar of Jiyva.
 26275 | Lair:6   | Found a staircase to the Slime Pits.
 26497 | Lair:6   | Reached XP level 14. HP: 90/126 MP: 27/27
 27399 | Orc:1    | Entered Level 1 of the Orcish Mines
 27585 | Orc:1    | Reached skill level 10 in Spellcasting
 28320 | Orc:2    | Entered Level 2 of the Orcish Mines
 28320 | Orc:2    | Found a staircase to the Elven Halls.
 28325 | Orc:2    | Reached skill level 11 in Dodging
 28400 | Orc:2    | Reached skill level 13 in Fire Magic
 28520 | Orc:2    | Found Beobbat's General Store.
 28543 | Orc:2    | Noticed Donald
 28546 | Orc:2    | Killed Donald
 28546 | Orc:2    | Offered knowledge of Lee's Rapid Deconstruction by Vehumet.
 28732 | Orc:2    | Noticed Josephine
 29035 | Orc:2    | Killed Josephine
 29114 | Orc:2    | Found Lelicusm's Antique Weapon Shop.
 29142 | Orc:2    | Noticed Snorg
 29151 | Orc:2    | Killed Snorg
 29403 | Orc:2    | Noticed an orc warlord
 29415 | Orc:2    | Killed an orc warlord
 29416 | Orc:2    | Reached skill level 13 in Fighting
 29983 | Orc:2    | Found Giotarph's Jewellery Shop.
 30055 | Orc:2    | Bought an amulet of magic regeneration for 420 gold pieces
 30148 | Orc:2    | Found a runed translucent gate.
 30148 | Orc:2    | Found a runed translucent gate.
 30148 | Orc:2    | Found a runed translucent gate.
 30149 | Orc:2    | Found an opulent altar of Gozag.
 30150 | Orc:2    | Noticed robertstho's ghost (journeyman MiBe)
 30169 | Orc:2    | Found Kinalif's Armour Shoppe.
 30189 | Orc:2    | Found Feugh's Antique Armour Emporium.
 30221 | Orc:2    | Bought a pair of runed boots for 225 gold pieces
 31189 | D:12     | Noticed Azrael
 31367 | D:12     | Noticed Sonja
 31375 | D:12     | Killed Sonja
 31559 | D:12     | Killed Azrael
 32018 | D:13     | Reached XP level 15. HP: 136/136 MP: 12/29
 32581 | D:13     | Reached skill level 11 in Spellcasting
 32698 | D:14     | Found Puned's Jewellery Boutique.
 32784 | D:13     | magus.rc [v1.9.10]
 32987 | D:14     | Reached skill level 7 in Conjurations
 32987 | D:14     | Offered knowledge of Irradiate by Vehumet.
 33304 | D:14     | Reached skill level 14 in Fire Magic
 33778 | D:14     | Found a gate to the Vaults.
 34164 | D:15     | Entered Level 15 of the Dungeon
 34169 | D:15     | Reached skill level 12 in Dodging
 34374 | D:15     | You add the spells Corpse Rot, Stone Arrow, Summon Forest,
                  | Hydra Form, Eringya's Noxious Bog and Summon Hydra to your
                  | library.
 34576 | D:15     | Found a staircase to the Depths.
 35180 | D:15     | Reached skill level 14 in Fighting
 35634 | Orc:2    | Bought a ring of see invisible for 210 gold pieces
 35821 | Spider:1 | Entered Level 1 of the Spider Nest
 35829 | Spider:1 | Reached skill level 8 in Conjurations
 36431 | Spider:1 | Found a transporter.
 36491 | Spider:1 | Offered knowledge of Ozocubu's Refrigeration by Vehumet.
 36854 | Spider:1 | Found a transporter.
 37302 | Spider:2 | Noticed Arachne
 37312 | Spider:2 | Killed Arachne
 37313 | Spider:2 | Reached XP level 16. HP: 112/147 MP: 3/31
 37676 | Spider:2 | Learned a level 8 spell: Ignition
 38706 | Spider:3 | Reached skill level 12 in Spellcasting
 38847 | Spider:3 | Reached skill level 9 in Conjurations
 40016 | Spider:4 | Entered Level 4 of the Spider Nest
 40141 | Spider:4 | Reached skill level 15 in Fire Magic
 41018 | Spider:4 | Reached skill level 8 in Poison Magic
 41035 | Spider:4 | Reached ****** piety under Vehumet
 41247 | Spider:4 | Reached skill level 13 in Dodging
 42047 | Spider:3 | Offered knowledge of Freezing Cloud by Vehumet.
 42535 | Spider:4 | Reached skill level 15 in Fighting
 43130 | Spider:4 | Got a gossamer rune of Zot
 43434 | Vaults:1 | Entered Level 1 of the Vaults
 43652 | Vaults:1 | Reached XP level 17. HP: 149/156 MP: 33/33
 44095 | Vaults:1 | Reached skill level 10 in Conjurations
 44764 | Swamp:1  | Entered Level 1 of the Swamp
 45202 | Swamp:1  | Found a shimmering altar of Xom.
 45207 | Swamp:1  | You pick up a book of Necromancy and begin reading...
 45594 | Swamp:2  | Found a runed translucent gate.
 45594 | Swamp:2  | Found a runed translucent gate.
 45595 | Swamp:2  | Found a runed translucent gate.
 45595 | Swamp:2  | Noticed Piask's ghost (adept FoAK)
 45663 | Swamp:2  | Reached skill level 9 in Poison Magic
 46693 | D:2      | Killed Crazy Yiuf
 46870 | D:4      | Offered knowledge of Conjure Ball Lightning by Vehumet.
 46870 | D:4      | Killed flotson's ghost
 47035 | D:8      | Killed Sobieck's ghost
 47220 | Lair:1   | Found a bloodstained altar of Trog.
 47221 | Lair:1   | Noticed tinescath's ghost (journeyman PaFi)
 47239 | Lair:1   | Killed tinescath's ghost
 47556 | Orc:2    | Killed robertstho's ghost
 48081 | Spider:1 | Noticed a Tzitzimitl
 48084 | Spider:1 | Identified the +4 pair of boots of Lucidity {Str+6}
 48090 | Spider:1 | Identified the ring of Fitom {rC+ EV+4 Str+4}
 48092 | Spider:1 | HP: 31/144 [Tzitzimitl[a Zot trap] (9)]
 48093 | Spider:1 | HP: 11/140 [Tzitzimitl[a Zot trap] (5)]
 48095 | Spider:1 | Blown up by an orb spider

Vanquished Creatures
  Arachne (Spider:2)
  A fenstrider witch (Swamp:1)
  Donald (Orc:2)
  2 ghost moths (Spider:4)
  An orc warlord (Orc:2)
  7 emperor scorpions
  A vault warden (Vaults:1)
  The ghost of robertstho the Severer, a journeyman MiBe of Trog (Orc:2)
  An ironbound preserver (Vaults:1)
  2 entropy weavers
  Azrael (D:12)
  A spark wasp (Spider:4)
  Snorg (Orc:2)
  A fire dragon (D:15)
  Josephine (Orc:2)
  The ghost of tinescath the Fighter, a journeyman PaFi of Makhleb (Lair:1)
  Fannar (D:11)
  An ironbound thunderhulk (Vaults:1)
  A yaktaur captain (Vaults:1)
  A rakshasa (D:15)
  A catoblepas (Lair:4)
  2 ironbound frosthearts (Vaults:1)
  14 hydras
  6 boulder beetles
  8 centaur warriors
  5 alligators
  6 two-headed ogres
  A tengu warrior (D:14)
  4 death yaks (Lair:6)
  An orc high priest (Orc:2)
  Urug (Lair:3)
  Sonja (D:12)
  A deep troll (D:14)
  5 skeletal warriors
  A goliath frog (Swamp:1)
  A swamp dragon (Swamp:1)
  3 spriggan druids
  A bog body (Swamp:2)
  An obsidian statue (Orc:2)
  3 spectral wolf spiders (Spider:4)
  3 ironbound convokers (Vaults:1)
  3 wizards (D:15)
  The ghost of Sobieck the Destroyer, a novice TeAE (D:8)
  A necromancer (D:15)
  4 orc knights
  7 wolf spider zombies
  22 wolf spiders
  7 orc sorcerers
  9 orb spiders
  5 moths of wrath
  4 cyclopes
  4 manticores
  3 elephants (Lair:6)
  10 ugly things
  A naga mage (D:15)
  A black mamba (Lair:6)
  A torpor snail (Spider:1)
  4 gargoyles
  28 cane toads
  A rime drake (Lair:6)
  5 komodo dragons
  2 kobold demonologists
  A tengu conjurer (D:14)
  A freezing wraith (D:15)
  An efreet (D:15)
  7 demonic crawlers
  2 polar bears
  5 trolls
  8 tyrant leeches
  10 hornets
  19 slime creatures
  3 wolf spider simulacra (Spider:4)
  25 jumping spiders
  16 blink frogs
  2 centaur simulacra (D:15)
  13 spriggans
  A water elemental (D:10)
  7 wraiths
  3 shadows
  13 tarantellas
  64 redbacks
  5 wyverns
  6 basilisks
  45 yaks
  A steam dragon (D:10)
  5 fire elementals (D:12)
  6 vampire mosquitoes
  A basilisk (shapeshifter) (D:14)
  3 wargs
  9 swamp worms
  5 acid dragons
  14 water moccasins
  2 hell hounds (D:12)
  2 swamp drakes
  2 black bears
  30 orc warriors
  8 ogres
  30 wolves
  13 centaurs
  3 kobold brigands
  2 wyvern zombies
  19 bullfrogs
  5 scorpions
  A gnoll sergeant (D:8)
  A water moccasin skeleton (D:5)
  6 killer bees
  3 wights (D:8)
  4 electric eels
  A howler monkey (D:9)
  5 centaur zombies
  7 hounds
  13 orc priests
  Crazy Yiuf (D:2)
  A jelly (D:5)
  2 centaur skeletons
  Jessica (D:2)
  Terence (D:2)
  An iguana (D:7)
  25 orc wizards
  A killer bee zombie (D:6)
  A hound zombie (D:5)
  2 howler monkey zombies
  9 gnolls
  5 adders
  A howler monkey skeleton (D:7)
  A worm (D:2)
  The ghost of flotson the Covert, a weakling GnDe (D:4)
  5 dart slugs
  55 orcs
  8 endoplasms
  2 giant cockroaches
  8 goblins
  14 hobgoblins
  6 jackals
  6 quokkas
  9 ball pythons
  4 bats
  3 frilled lizards
  25 kobolds
  4 rats
880 creatures vanquished.

Vanquished Creatures (others)
  A hydra (Lair:6)
  A wraith (D:8)
  752 foxfires
  74 fungi
  119 plants
947 creatures vanquished.

Grand Total: 1827 creatures vanquished

Table legend:
 A = Non-vault XP
 B = Vault XP
 C = Vault XP percentage of total XP
 D = Non-vault monster count
 E = Vault monster count
 F = Vault count percentage of total count
                 A         B        C        D         E       F
            +---------+---------+-------+---------+---------+-------
      Total |  151956 |  102453 |  40.3 |     596 |     285 |  32.3
            +---------+---------+-------+---------+---------+-------
        D:1 |      43 |       1 |   2.3 |      26 |       1 |   3.7
        D:2 |      30 |     115 |  79.3 |      13 |       3 |  18.8
        D:3 |     201 |       0 |   0.0 |      32 |       0 |   0.0
        D:4 |     203 |     116 |  36.4 |      13 |      10 |  43.5
        D:5 |     896 |       0 |   0.0 |      18 |       0 |   0.0
        D:6 |     531 |       0 |   0.0 |      16 |       0 |   0.0
        D:7 |    1138 |       0 |   0.0 |      24 |       0 |   0.0
        D:8 |    2337 |    1454 |  38.4 |      26 |       5 |  16.1
        D:9 |    1648 |       0 |   0.0 |      18 |       0 |   0.0
       D:10 |    3876 |     700 |  15.3 |      21 |       7 |  25.0
       D:11 |    7019 |    2242 |  24.2 |      14 |      23 |  62.2
       D:12 |    2354 |    3280 |  58.2 |       7 |       9 |  56.2
       D:13 |   11760 |       0 |   0.0 |      34 |       0 |   0.0
       D:14 |    9438 |    1458 |  13.4 |      19 |       3 |  13.6
       D:15 |    9723 |    4176 |  30.0 |      17 |       8 |  32.0
     Lair:1 |    3356 |    3562 |  51.5 |       9 |       9 |  50.0
     Lair:2 |    3694 |    4134 |  52.8 |      15 |      13 |  46.4
     Lair:3 |    3919 |    1116 |  22.2 |      18 |       3 |  14.3
     Lair:4 |    2842 |     493 |  14.8 |      13 |       2 |  13.3
     Lair:5 |    6387 |    1582 |  19.9 |      24 |       8 |  25.0
     Lair:6 |   10972 |   11729 |  51.7 |      35 |      39 |  52.7
    Swamp:1 |    7705 |       0 |   0.0 |      11 |       0 |   0.0
    Swamp:2 |   13788 |       0 |   0.0 |      30 |       0 |   0.0
   Spider:1 |   11487 |    4425 |  27.8 |      32 |      20 |  38.5
   Spider:2 |    7116 |    3720 |  34.3 |      17 |       1 |   5.6
   Spider:3 |   15110 |    3212 |  17.5 |      37 |       3 |   7.5
   Spider:4 |    4363 |   27568 |  86.3 |      14 |      48 |  77.4
      Orc:1 |    2551 |    2052 |  44.6 |      11 |      20 |  64.5
      Orc:2 |    2496 |   16569 |  86.9 |      26 |      42 |  61.8
   Vaults:1 |    4973 |    8749 |  63.8 |       6 |       8 |  57.1
            +---------+---------+-------+---------+---------+-------

Illustrated notes

Table legend:
 A = Kills in this place as a percentage of kills in entire the game.
 B = Kills by you in this place as a percentage of kills by you in the entire game.
 C = Kills by friends in this place as a percentage of kills by friends in the entire game.
 D = Other kills in this place as a percentage of other kills in the entire game.
 E = Experience gained in this place as a percentage of experience gained in the entire game.
 F = Experience gained in this place divided by the number of levels of this place that you have seen.
                   A       B       C       D       E      F
               +-------+-------+-------+-------+-------+----------------------
         Total | 100.0 | 100.0 |   N/A | 100.0 | 100.0 | 8206.7
       Dungeon |  41.7 |  41.6 |   N/A | 100.0 |  25.4 | 4315.9
          Lair |  21.3 |  21.4 |   N/A |   0.0 |  21.1 | 8964.3
         Swamp |   4.7 |   4.7 |   N/A |   0.0 |   8.4 | 10746.5
   Spider Nest |  19.5 |  19.5 |   N/A |   0.0 |  30.3 | 19250.2
  Orcish Mines |  11.2 |  11.2 |   N/A |   0.0 |   9.3 | 11834.0
        Vaults |   1.6 |   1.6 |   N/A |   0.0 |   5.4 | 13722.0
               +-------+-------+-------+-------+-------+----------------------

Table legend: (Time is in decaauts)
 A = Elapsed time spent in this place.
 B = Non-inter-level travel time spent in this place.
 C = Inter-level travel time spent in this place.
 D = Time resting spent in this place.
 E = Time spent auto-exploring this place.
 F = Levels seen in this place.
 G = Mean time per level.
                   A        B        C        D        E       F      G
               +--------+--------+--------+--------+--------+-----+--------+
         Total |  48473 |  44873 |   3600 |   9059 |  29720 |  31 | 1563.6 |
       Dungeon |  22917 |  21031 |   1886 |   3849 |  14291 |  15 | 1527.8 |
        Temple |     47 |     28 |     19 |      0 |      0 |   1 |   47.0 |
          Lair |  11737 |  10671 |   1066 |   2156 |   7430 |   6 | 1956.2 |
         Swamp |   1758 |   1690 |     68 |    379 |   1134 |   2 |  879.0 |
   Spider Nest |   7239 |   7007 |    232 |   1531 |   4204 |   4 | 1809.8 |
  Orcish Mines |   3640 |   3314 |    326 |    855 |   1883 |   2 | 1820.0 |
        Vaults |   1131 |   1131 |      0 |    289 |    777 |   1 | 1131.0 |
               +--------+--------+--------+--------+--------+-----+--------+

Top non-repeatable levels by time:
Spider:3: 3076 daAuts
    D:10: 2801 daAuts
    D:11: 2189 daAuts
  Lair:5: 2182 daAuts
  Lair:2: 2135 daAuts
  Lair:1: 2128 daAuts
  Lair:6: 2011 daAuts
Spider:4: 1962 daAuts
     D:7: 1862 daAuts
   Orc:2: 1862 daAuts
   Orc:1: 1778 daAuts
     D:8: 1723 daAuts
  Lair:4: 1712 daAuts
     D:5: 1660 daAuts
     D:2: 1633 daAuts
